 Dungeon Crawl Stone Soup version 0.30.0-19-g36f170ea60 (webtiles) character file.

Game seed: 4695345874738788675

240 olmar the Trooper (level 6, -1/57 HPs)
             Began as a Naga Fighter on May 30, 2023.
             Shot with an arrow by a centaur (8 damage)
             ... on level 6 of the Dungeon.
             The game lasted 00:04:11 (2604 turns).

olmar the Trooper (Naga Fighter)                    Turns: 2604, Time: 00:04:12

Health: -1/57      AC:  8    Str: 21    XL:     6   Next: 8%
Magic:  6/6        EV: 11    Int:  8    God:
Gold:   157        SH:  4    Dex: 10    Spells: 5/5 levels left

rFire   + . .        a - +0 flail
rCold   . . .        c - +0 buckler
rNeg    . . .        u - +0 chain mail
rPois   +            y - +0 helmet
rElec   .            (no cloak)
rCorr   .            (no gloves)
SInv    +            (no barding)
Will    .....        (no amulet) Stlth
                     k - +5 ring of evasion
HPRegen 0.29/turn    s - ring of protection from fire
MPRegen 0.10/turn

%: no passive effects
@: short of breath, very slow
A: AC +2, large, see invisible, deformed body, poison resistance, slowness 2,
spit poison 1, naga tail 1
a: Spit Poison


You were on level 6 of the Dungeon.
You visited 1 branch of the dungeon, and saw 5 of its levels.

You collected 157 gold pieces.

Inventory:

Hand Weapons
 a - a +0 flail (weapon)
Armour
 b - a +0 scale mail
 c - a +0 buckler (worn)
 l - a scarf of harm
 m - a +0 kite shield
 u - a +0 chain mail (worn)
 y - a +0 helmet (worn)
Jewellery
 k - a +5 ring of evasion (left hand)
 s - a ring of protection from fire (right hand)
 t - a ring of fire
 x - a ring of protection from cold
Wands
 n - a wand of mindburst (13)
Scrolls
 g - 2 scrolls of poison
 i - 3 scrolls of noise {unknown}
 o - a scroll of blinking {unknown}
 q - a scroll of immolation {unknown}
 r - a scroll of acquirement {unknown}
 v - a scroll of enchant armour {unknown}
 z - a scroll of teleportation {unknown}
Potions
 d - a potion of might
 f - 2 potions of flight
 h - 2 potions of lignification
 j - 3 potions of curing
 p - a potion of resistance {unknown}
 w - a potion of attraction {unknown}


   Skills:
 + Level 3.8 Fighting
 + Level 3.5 Maces & Flails
 + Level 3.5 Armour
 + Level 0.5 Dodging
 + Level 3.7 Shields


You had 5 spell levels left.
You didn't know any spells.
Your spell library contained the following spells:

 Spells                   Type           Power      Damage    Failure   Level
 Ensorcelled Hibernation  Hex/Ice        0%         N/A       99%         2
 Lesser Beckoning         Tloc           0%         N/A       99%         2
 Passwall                 Tmut/Erth      0%         N/A       99%         2
 Gell's Gravitas          Tloc           0%         N/A       100%        3
 Swiftness                Air            0%         N/A       100%        3
 Teleport Other           Tloc           0%         N/A       100%        3
 Tukima's Dance           Hex            0%         N/A       100%        3
 Passage of Golubria      Tloc           0%         N/A       100%        4
 Yara's Violent Unravell  Hex/Tmut       0%         3d3       100%        5
 Borgnjor's Revivificati  Necr           0%         N/A       100%        8
 Necromutation            Tmut/Necr      0%         N/A       100%        8
 Death's Door             Necr           0%         N/A       100%        9


Dungeon Overview and Level Annotations

Branches:
Dungeon (6/15)
 Temple: D:4-7

Altars:
Ru


Innate Abilities, Weirdness & Mutations

Your serpentine skin is tough. (AC +2)
You have supernaturally acute eyesight. (SInv)
Armour fits poorly on your strangely shaped body.
Your system is resistant to poisons. (rPois)
You cover ground very slowly.
You can spit poison.
You have a snake-like lower body.


Message History

The steam dragon barely misses you.
The steam dragon claws you but does no damage.
The steam dragon misses you. x2; The centaur shoots an arrow.
The arrow hits you!
* * * LOW HITPOINT WARNING * * *
A scorpion comes into view.
Really quaff the potion of lignification?
Okay, then.
You feel better.
The centaur shoots an arrow.
The arrow hits you.
* * * LOW HITPOINT WARNING * * *
You block the steam dragon's attack.
The steam dragon claws you but does no damage.
Unknown command.
Okay, then.
Aiming: Spit Poison (1% risk of failure)
Press: ? - help, Shift-Dir - straight line, f - centaur, p - steam dragon
Aim: a centaur, wielding a +0 shortbow (75% to hit)
The splash of poison hits the centaur.
The centaur is poisoned.
The centaur is moderately wounded.
The centaur shoots an arrow.
The arrow closely misses you.
You hear a distant slurping noise.
The steam dragon bites you.
* * * LOW HITPOINT WARNING * * *
The steam dragon misses you.
An orc priest comes into view. It is wielding a +0 club.
The centaur shoots an arrow.
The arrow barely misses you.
Unknown command.
You feel better.
The centaur shoots an arrow.
You block the arrow. The steam dragon misses you.
The steam dragon claws you but does no damage.
Aiming: Mindburst
Press: ? - help, Shift-Dir - straight line, f/p - centaur
Aim: a centaur, wielding a +0 shortbow (lightly wounded, poisoned, chance to affect: 64%)
The centaur struggles to resist.
The centaur shoots an arrow.
The arrow hits you!
* * * LOW HITPOINT WARNING * * *
The steam dragon barely misses you. x2
An orc wizard comes into view. It is wielding a +0 dagger.
The centaur shoots an arrow.
The arrow hits you!
You die...

#### ....
..... .....
......
###......
#...ยง.... .
###D#
....####..@#
...osc...###
...#.#####


You could see a steam dragon, a centaur (poisoned), a scorpion and an orc
wizard.

Vanquished Creatures
  An orc priest (D:3)
  3 orc wizards (D:3)
  5 adders
  A dart slug (D:1)
  12 orcs (D:3)
  3 bats
  3 endoplasms
  5 giant cockroaches
  A goblin (D:2)
  8 hobgoblins
  14 jackals
  8 ball pythons
  2 frilled lizards
  3 kobolds
  5 rats
74 creatures vanquished.

Notes
Turn   | Place    | Note
-------+----------+-------------------------------------------
     0 | D:1      | olmar the Naga Fighter began the quest for the Orb.
     0 | D:1      | Reached XP level 1. HP: 21/21 MP: 1/1
   118 | D:1      | Reached XP level 2. HP: 23/28 MP: 2/2
   823 | D:2      | Reached XP level 3. HP: 34/34 MP: 3/3
  1063 | D:2      | Reached XP level 4. HP: 35/43 MP: 4/4
  1098 | D:2      | Found a sacrificial altar of Ru.
  1871 | D:3      | Reached XP level 5. HP: 6/50 MP: 5/5
  2351 | D:3      | Reached XP level 6. HP: 27/57 MP: 6/6
  2580 | D:4      | You fall into a shaft and drop 2 floors!
  2584 | D:6      | Noticed a steam dragon
  2604 | D:6      | Shot with an arrow by a centaur

Illustrated notes

Levels and vault maps discovered:
D:1:      scummos_arrival_hexagon, layout_basic
D:2:      layout_loops_corners, basic_altar, serial_bayou_pond_b
D:3:      layout_basic, kennysheep_generic_room_9
D:4:      layout_loops_corners, kennysheep_generic_room_6
D:6:      layout_rooms, minmay_temple_entry_wispy, minmay_liquid_box

Skill      XL: |  1  2  3  4 |
---------------+-------------+-----
Shields        | 3 |  3.7
Armour         | 3 |  3.5
Maces & Flails | 3 |  3.5
Fighting       | |  3.8
Dodging        | |  0.5

Action                     |  1- 3 |  4- 6 || total
---------------------------+-------+-------++-------
  Melee: Flail             |   108 |   147 ||   255
Ability: Spit Poison       |     8 |    16 ||    24
  Evoke: Wand              |       |     1 ||     1
    Use: Scroll            |       |     4 ||     4
         Potion            |       |     2 ||     2
 Armour: Scale mail        |    63 |    31 ||    94
         Chain mail        |       |    41 ||    41
  Dodge: Dodged            |    95 |   113 ||   208
  Block: Buckler           |    39 |    52 ||    91
